 Dungeon Crawl Stone Soup version 0.32-a0-520-g344ed53f66 (webtiles) character file.

Game seed: 12214838946250256318

26 javelincjr the Grasshopper (level 2, -8/20 HPs)
             Began as a Demonspawn Warper on Feb 27, 2024.
             Mangled by Sigmund
             ... wielding a +0 scythe
              (9 damage)
             ... on level 2 of the Dungeon.
             The game lasted 00:04:18 (1261 turns).

javelincjr the Grasshopper (Demonspawn Warper)      Turns: 1261, Time: 00:04:19

Health: -8/20      AC:  4    Str: 11    XL:     2   Next: 89%
Magic:  5/5        EV: 11    Int: 13    God:
Gold:   20         SH:  0    Dex: 12    Spells: 5/5 levels left

rFire   . . .        a - +0 spear
rCold   . . .        (no shield)
rNeg    . . .        b - +0 leather armour
rPois   .            g - +0 helmet
rElec   .            (no cloak)
rCorr   .            (no gloves)
SInv    .            (no boots)
Will    .....        (no amulet)
Stlth   +            (no ring)
HPRegen 0.23/turn    (no ring)
MPRegen 0.09/turn

%: no passive effects
@: no status effects
A: spiny 1, frail 1, mutation resistance 1
a: no special abilities


You were on level 2 of the Dungeon.
You visited 1 branch of the dungeon, and saw 2 of its levels.

You collected 20 gold pieces.

Inventory:

Hand Weapons
 a - a +0 spear (weapon)
Missiles
 d - 7 darts of dispersal (quivered)
Armour
 b - a +0 leather armour (worn)
 g - a +0 helmet (worn)
Scrolls
 c - a scroll of blinking
 f - a scroll of identify {unknown}


   Skills:
 * Level 2.4 Fighting
 + Level 2.1 Polearms
 - Level 1.0 Throwing
 + Level 1.2 Armour
 + Level 1.9 Dodging
 + Level 2.1 Spellcasting
 + Level 2.8 Translocations


You had 5 spell levels left.
You didn't know any spells.
Your spell library contained the following spells:

 Spells                   Type           Power      Damage    Failure   Level
 Blink                    Tloc           16%        N/A       16%         2
 Lesser Beckoning         Tloc           16%        N/A       16%         2
 Teleport Other           Tloc           8%         N/A       30%         3
 Manifold Assault         Tloc           8%         N/A       71%         4
 Vhi's Electric Charge    Tloc/Air       10%        N/A       88%         4


Dungeon Overview and Level Annotations

Branches:
Dungeon (2/15)

Altars:

Annotations:
D:2 Sigmund


Innate Abilities, Weirdness & Mutations

You are partially covered in sharp spines.
You are frail. (-10% HP)
You are somewhat resistant to further mutation.


Message History

Deactivating autopickup; reactivate with Ctrl-A.
No target in view!
As you read the scroll labelled KIUFOLUFOV, it crumbles to dust.
You feel strangely unstable.
It was a scroll of teleportation.
Something hits you!
An adder and a ball python come into view.
The adder hisses angrily.
The ball python hisses angrily.
You are confused.
Your surroundings suddenly seem different.
Found a whip, a scroll labelled CIOMYEMPIM and 16 gold pieces.
A magic dart appears from out of thin air!
The magic dart hits you.
You see here a +0 whip.
Found a book of Minor Magic.
You feel less confused.
Something tries to affect you, but you resist.
You are confused.
It was a potion of mutation.
You feel extremely strange.
You feel frail.
You feel genetically stable.
It was a potion of magic.
Magic courses through your body.
You are more confused.
It was a potion of heal wounds.
You feel much better. Something hits you but does no damage.
Something hits you.
You're too confused to aim your attacks!
You miss something. Something hits you but does no damage.
You bump into the rock wall.
The adder hisses angrily.
The ball python barely misses you. Something hits you!
Ouch! That really hurt!
* * * LOW HITPOINT WARNING * * *
You miss something.
The ball python is struck by your spines.
You kill the ball python!
You barely miss something. Something hits you.
* * * LOW HITPOINT WARNING * * *
You hit something but do no damage.
You feel less confused. The adder bites you but does no damage.
Something hits you!
You die...

#####.#......#
##.#)..#......#
##..)..........#
#.....).#......###
#...#........# #
##..#....)##.#.###
#..#............#
#..#...{S.?......
...S.S...#.$..@.#####.#
.........###.##.#
#.######## #. #.#
#......# #.#.#### #:#


You could see an adder.

Vanquished Creatures
  6 ball pythons
  2 endoplasms (D:1)
  A giant cockroach (D:1)
  4 goblins (D:1)
  4 hobgoblins (D:1)
  2 quokkas
  3 frilled lizards (D:1)
  2 kobolds (D:1)
24 creatures vanquished.

Notes
Turn   | Place    | Note
-------+----------+-------------------------------------------
     0 | D:1      | javelincjr the Demonspawn Warper began the quest for the
                  | Orb.
     0 | D:1      | Reached XP level 1. HP: 16/16 MP: 3/3
    13 | D:1      | Reached skill level 1 in Armour
    35 | D:1      | Reached skill level 1 in Throwing
    89 | D:1      | Gained mutation: You are partially covered in sharp spines.
                  | [demonic ancestry]
    89 | D:1      | Reached XP level 2. HP: 20/22 MP: 5/5
  1235 | D:2      | Noticed Sigmund
  1251 | D:2      | Gained mutation: You are frail. (-10% HP) [potion of
                  | mutation]
  1251 | D:2      | Gained mutation: You are somewhat resistant to further
                  | mutation. [potion of mutation]
  1260 | D:2      | HP: 1/20 [something (3)]
  1261 | D:2      | Mangled by Sigmund

Illustrated notes

Levels and vault maps discovered:
D:1:      lightli_arrival_boilingwater, layout_basic, serial_forest,
          infiniplex_forest_clump_diagonal, infiniplex_forest_end_1,
          infiniplex_forest_lined_room_, infiniplex_forest_clump_long,
          infiniplex_forest_straight_1, infiniplex_forest_straight_2,
          infiniplex_forest_end_2, infiniplex_forest_clump_long,
          infiniplex_forest_clump_double, infiniplex_forest_diagonal,
          minmay_shallow_snake_nest
D:2:      layout_basic, minmay_tetromino_i4, uniq_natasha,
          uniq_crazy_yiuf_cottage, uniq_sigmund

Skill      XL: |  1  2 |
---------------+-------+-----
Armour         | 1 |  1.2
Throwing       | 1 |  1.0
Polearms       | 2 |  2.1
Fighting       | |  2.4
Dodging        | |  1.9
Spellcasting   | |  2.1
Translocations | |  2.8

Action                     || total
---------------------------++-------
  Melee: Spear             ||   281
    Use: Potion            ||     3
         Scroll            ||     1
 Armour: Leather armour    ||    29
  Dodge: Dodged            ||    31

Table legend: (Time is in decaauts)
 A = Elapsed time spent in this place.
 B = Non-inter-level travel time spent in this place.
 C = Inter-level travel time spent in this place.
 D = Time resting spent in this place.
 E = Time spent auto-exploring this place.
 F = Levels seen in this place.
 G = Mean time per level.
                   A        B        C        D        E       F      G
               +--------+--------+--------+--------+--------+-----+--------+
         Total |   1285 |   1145 |    140 |      0 |    752 |   2 |  642.5 |
       Dungeon |   1285 |   1145 |    140 |      0 |    752 |   2 |  642.5 |
               +--------+--------+--------+--------+--------+-----+--------+

Top non-repeatable levels by time:
     D:1: 1258 daAuts
     D:2: 27 daAuts
